 Dungeon Crawl Stone Soup version 0.29.0-4-gdea44cf6ec (webtiles) character file.

Game seed: 4791262809708128087

4 qw the Sneak (level 1, -11/14 HPs)
             Began as a Gargoyle Delver on Sept 10, 2022.
             Killed by divine providence
             ... invoked by an orc priest
              (12 damage)
             ... on level 4 of the Dungeon.
             The game lasted 00:00:04 (63 turns).

qw the Sneak (Gargoyle Delver)                        Turns: 63, Time: 00:00:04

Health: -11/14     AC:  5    Str: 15    XL:     1   Next: 70%
Magic:  1/1        EV: 11    Int: 10    God:
Gold:   19         SH:  0    Dex: 11    Spells: 0/0 levels left

rFire   . . .      SeeInvis .   a - +0 hand axe
rCold   . . .      Faith    .   (no shield)
rNeg    + . .      Spirit   .   b - +0 leather armour
rPois   inf        Reflect  .   (no helmet)
rElec   +          Harm     .   (no cloak)
rCorr   .          Rampage  .   (no gloves)
Will    .....                   (no boots)
Stlth   +++.......              (no amulet)
HPRegen 0.04/turn               (no ring)
MPRegen 0.07/turn               (no ring)

@: no status effects
A: sickness immunity, AC +2, negative energy resistance 1, electricity
resistance, torment resistance 1, petrification resistance
a: no special abilities


You were on level 4 of the Dungeon.
You visited 1 branch of the dungeon, and saw 2 of its levels.

You collected 19 gold pieces.


Innate Abilities, Weirdness & Mutations

You are immune to sickness and miasma.
Your stone body is resilient. (AC +2)
You are immune to poison.
You resist negative energy. (rN+)
You are resistant to electric shocks. (rElec)
You are resistant to unholy torment.
You are immune to petrification.


   Skills:
 - Level 3.2 Fighting
 + Level 2.2 Axes
 - Level 1.5 Dodging
 - Level 5.4 Stealth


You couldn't memorise any spells.
You didn't know any spells.
Your spell library was empty.

Inventory:

Hand Weapons
 a - a +0 hand axe (weapon)
Armour
 b - a +0 leather armour (worn)
Wands
 g - a wand of digging (3)
Potions
 f - a potion of haste

Dungeon Overview and Level Annotations

Branches:
Dungeon (5/15)
 Temple: D:4-7

Altars:


Message History

You kill the orc!
You hit the orc wizard. You hit the orc priest.
The orc priest hits you with a +0 mace.
The orc wizard hits you but does no damage.
The orc wizard points at you and mumbles some strange words.
You are confused.
The orc priest closely misses you.
Your Axes skill increases to level 2!
The orc wizard gestures at you while chanting.
You are more confused.
The orc priest closely misses you.
You bump into the rock wall.
The orc priest barely misses you. The goblin hits you but does no damage.
You miss the orc priest.
The orc priest is moderately wounded.
You miss the goblin. The orc priest completely misses you.
The goblin hits you with a +0 dagger.
You're too confused to move!
The goblin barely misses you.
The orc priest calls upon Beogh to heal the orc wizard.
The orc wizard is healed somewhat.
The goblin attacks as you move away! The goblin hits you with a +0 dagger.
The orc priest hits you but does no damage.
The goblin hits you but does no damage.
The orc wizard casts a spell.
The orc wizard flickers and vanishes!
Deactivating autopickup; reactivate with Ctrl-A.
The orc priest barely misses you. The goblin hits you but does no damage.
You hit the goblin.
You kill the goblin!
You closely miss the orc priest. The orc priest hits you with a +0 mace!
Ouch! That really hurt!
You bump into the closed door.
You feel less confused. Something hits you but does no damage.
The orc priest invokes the aid of Beogh against you.
Beogh smites you!
Ouch! That really hurt!
You die...

#. #o #####.###
######### .........
.......># #?.....#
#######.#
#......######+## #...#
#..........o@..####.#.#
P.##+#.)...)...'....#.#
#.........######.#
###.......# #+#
#.......# #.......#
#########


You could see an orc priest.

Vanquished Creatures
  An orc (D:4)
  A goblin (D:4)
  A hobgoblin (D:4)
3 creatures vanquished.

Notes
Turn   | Place    | Note
-------+----------+-------------------------------------------
     0 | D:5      | qw the Gargoyle Delver began the quest for the Orb.
     0 | D:5      | Reached XP level 1. HP: 14/14 MP: 1/1
     0 | D:5      | 0 ||| qw: Version: 0.1-a-116-g5d60599
     0 | D:5      | 0 ||| qw: Game counter: 8502
     0 | D:5      | 0 ||| qw: Always use a shield: true
     0 | D:5      | 0 ||| qw: God list: Okawaru
     0 | D:5      | 0 ||| qw: Allow faded altars: false
     0 | D:5      | 0 ||| qw: Do Orc after D:15 true
     0 | D:5      | 0 ||| qw: Do second Lair branch before Depths: true
     0 | D:5      | 0 ||| qw: Lair rune preference: random
     0 | D:5      | 0 ||| qw: Plans: Normal
     0 | D:5      | 0 ||| PLANNING D:1-11
     0 | D:5      | 0 ||| DROPPING scroll of fog.
     1 | D:5      | 1 ||| DROPPING scroll of magic mapping.
     2 | D:5      | 2 ||| DROPPING scroll of fear.
    40 | D:4      | Noticed an orc priest
    41 | D:4      | 41 ||| Stepping ~*~*~tactically~*~*~ (stealth).
    42 | D:4      | 42 ||| Stepping ~*~*~tactically~*~*~ (stealth).
    46 | D:4      | Noticed an orc wizard
    62 | D:4      | HP: 1/14 [orc priest/+0 mace (7)]
    63 | D:4      | Killed from afar by an orc priest

Levels and vault maps discovered:
D:4:      layout_basic, minmay_temple_entry_drinking_statues,
          serial_bayou_pond_e, uniq_edmund
D:5:      layout_rooms, old_standard_altar

Skill      XL: |  1 |
---------------+----+-----
Axes           | 2 |  2.2
Fighting       | |  3.2
Dodging        | |  1.5
Stealth        | |  5.4

Action                   || total
-------------------------++-------
Melee: Hand axe          ||    12
Armor: Leather armour    ||     8
Dodge: Dodged            ||    15

Table legend:
 A = Non-vault XP
 B = Vault XP
 C = Vault XP percentage of total XP
 D = Non-vault monster count
 E = Vault monster count
 F = Vault count percentage of total count
                 A         B        C        D         E       F
            +---------+---------+-------+---------+---------+-------
      Total |       7 |       0 |   0.0 |       3 |       0 |   0.0
            +---------+---------+-------+---------+---------+-------
        D:4 |       7 |       0 |   0.0 |       3 |       0 |   0.0
            +---------+---------+-------+---------+---------+-------
